Map: Goldenaura LE

Players

Shmeeg - Winner!

  • Race: Terran Terran
  • Spawn Location: 12:00

Usak

  • Race: Protoss Protoss
  • League: Gold
  • Spawn Location: 5:00

VOD

Have the link to the VOD?

Description

Time

  • Played on: Aug. 25, 2024, 9:01 a.m.
  • Length: 5:53
Show
View Real Time Build Order
Export as new Build Order

Shmeeg Terran - Winner!

Build Orders: Reaper Expand 

Get SALT Encoding   

  12  0:00  SCV  
  13  0:12  SCV  
  14  0:17  Supply Depot  
  14  0:24  SCV  
  15  0:38  SCV  
  15  0:39  Barracks  
  16  0:44  Refinery  
  16  0:50  SCV  
  17  1:04  SCV  
  18  1:16  SCV  
  19  1:28  Orbital Command, Reaper  
  20  1:45  Command Center  
  20  1:57  Bunker, SCV  
  20  2:00  Marine  
  22  2:06  Supply Depot  
  22  2:10  SCV  
  23  2:22  Barracks Reactor  
  23  2:24  Factory  
  23  2:27  SCV  
  24  2:40  SCV  
  25  2:44  Refinery  
  25  2:52  SCV  
  25  2:56  Orbital Command  
  26  2:59  Marine x2  
  26  3:04  SCV  
  29  3:08  Widow Mine  
  29  3:10  Starport  
  31  3:16  SCV  
  31  3:17  Marine x2  
  34  3:23  SCV  
  35  3:28  SCV  
  35  3:30  Widow Mine  
  38  3:35  SCV  
  38  3:37  Marine x2  
  38  3:40  SCV, Supply Depot  
  42  3:46  Medivac  
  42  3:47  SCV  
  45  3:49  Supply Depot  
  45  3:52  SCV  
  46  3:56  Factory Tech Lab  
  46  4:01  Marine x2  
  46  4:02  Supply Depot, SCV  
  49  4:04  SCV  
  50  4:11  Supply Depot  
  50  4:14  SCV  
  50  4:16  SCV  
  52  4:22  Starport Tech Lab, Barracks, Marine x2  
  52  4:23  Barracks  
  54  4:27  Siege Tank  
  54  4:30  SCV x2  
  59  4:34  Engineering Bay  
  59  4:37  Refinery  
  59  4:40  Marine  
  59  4:42  SCV  
  59  4:43  SCV  
  62  4:48  Marine, Supply Depot  
  62  4:50  Starport Reactor  
  63  4:57  SCV x2  
  63  4:58  Marine  
  66  5:04  Siege Tank  
  66  5:06  Marine  
  70  5:09  SCV x2  
  70  5:12  Barracks Tech Lab  
  72  5:16  Marine, Supply Depot  
  72  5:18  Marine  
  72  5:19  Refinery  
  74  5:21  SCV  
  74  5:22  SCV  
  74  5:26  Marine, Supply Depot  
  77  5:34  Marine, SCV  
Show
View Real Time Build Order
Export as new Build Order

Usak Protoss 

Build Orders: 1 Gate Expand 

Get SALT Encoding   

  12  0:00  Probe  
  13  0:12  Probe  
  14  0:18  Pylon  
  14  0:25  Probe  
  15  0:39  Gateway  
  15  0:43  Probe (Chrono Boost)  
  16  0:50  Assimilator  
  16  0:54  Probe (Chrono Boost)  
  17  0:59  Probe (Chrono Boost)  
  18  1:14  Probe  
  19  1:32  Cybernetics Core  
  19  1:40  Probe  
  19  1:44  Nexus  
  19  1:46  Pylon  
  20  1:52  Probe  
  21  1:55  Assimilator  
  21  2:04  Probe  
  22  2:15  Stalker (Chrono Boost)  
  22  2:16  Probe  
  24  2:29  Probe  
  24  2:44  Stalker (Chrono Boost)  
  24  2:47  Warp Gate (Chrono Boost)  
  26  2:52  Probe  
  27  3:04  Probe  
  27  3:05  Probe  
  29  3:16  Probe  
  29  3:17  Probe  
  29  3:19  Robotics Facility  
  31  3:22  Pylon  
  31  3:23  Stalker (Chrono Boost)  
  33  3:37  Probe  
  34  3:45  Probe  
  35  3:50  Probe  
  36  3:58  Probe  
  36  4:01  Assimilator  
  37  4:05  Warp Prism (Chrono Boost)  
  37  4:09  Shield Battery  
  39  4:13  Pylon  
  39  4:19  Gateway  
  39  4:22  Gateway  
  39  4:24  Gateway  
  39  4:32  Probe x2  
  41  4:39  Stalker  
  41  4:44  Probe  
  44  4:52  Probe  
  45  4:56  Probe  
  33  5:12  Probe x2  
  35  5:24  Probe x2  
  35  5:25  Stalker  
  39  5:36  Probe x2  
  39  5:39  Stalker  
  39  5:40  Stalker x2  
Tags
 
Add a new tag
Caveats
  • Supply blocks, unpowered buildings, or Contaminate may cause inaccurate times.
  • Supply counts are checked every 10 seconds.